cohdb
Replays
Latest Replays
All Replays
Popular Replays
Top Player Replays
Match Explorer
How It Works
Community
CoH3 Stats
Reddit
Sign in to upload your games and track your stats! →
Sign in with Steam
Match 37640530
Unlisted
Match 37640530
Overview
Messages
Build Orders
End
Construct Section Command Post
Vickers Machine Gun Team
Selects Air and Sea Battlegroup
Infantry Section
ML 3-inch Mortar Team
Construct Field Infirmary
Infantry Section
Selects Supply Surplus
Construct Resource Cache
Construct Field Infirmary
Construct Resource Cache
Forward Retreat Point
Construct Resource Cache
Construct Platoon Command Post
Infantry Training
Unlock M3 Stuart Light Tanks
M3 Stuart Light Tank
Light Vehicle Training
Infantry Section
Infantry Section
Construct Company Command Post
Selects Centaur Medium Tank
Unlock M3 Grant Medium Tanks
6-pounder Anti-tank Gun Team
Selects Naval Bombardment
Derek Doon
Blitz625
friskydingo 101
🍫 Martina wolf 🍔
Ape
Wehearvoices
Voodoo408
FluffyNyan
0
0
Comments
sign in to comment!
No comments posted yet!